 Dungeon Crawl Stone Soup version 0.31-a0-204-g7da18cac08 (webtiles) character file.

Game seed: 2050961387115881133

649 qw the Skirmisher (level 7, -1/40 HPs)
             Began as a Deep Elf Hunter on June 27, 2023.
             Slain by an adder (2 damage)
             ... on level 5 of the Dungeon.
             The game lasted 00:01:20 (3001 turns).

qw the Skirmisher (Deep Elf Hunter)                 Turns: 3001, Time: 00:01:21

Health: -1/40      AC:  9    Str: 10    XL:     7   Next: 28%
Magic:  9/9        EV: 12    Int: 14    God:
Gold:   241        SH:  0    Dex: 24    Spells: 6/6 levels left

rFire   . . .        Y - +0 shortbow (heavy)
rCold   . . .        (shield currently unavailable)
rNeg    . . .        e - +0 ring mail
rPois   .            (no helmet)
rElec   .            (no cloak)
rCorr   .            (no gloves)
SInv    .            (no boots)
Will    .....        l - amulet of faith
Stlth   ++           a - +6 ring of dexterity
HPRegen 0.26/turn    i - +4 ring of protection
MPRegen 0.11/turn

%: faith
@: lethally poisoned (-1 -> -2), weakened
A: no striking features
a: no special abilities


You were on level 5 of the Dungeon.
You visited 1 branch of the dungeon, and saw 5 of its levels.

You collected 241 gold pieces.


   Skills:
 - Level 2.6 Fighting
 + Level 10.5 Ranged Weapons
 - Level 4.0 Dodging
 - Level 1.2 Stealth


You had 6 spell levels left.
You didn't know any spells.
Your spell library was empty.

Inventory:

Hand Weapons
 Y - a +0 heavy shortbow (weapon)
Armour
 e - a +0 ring mail (worn)
Jewellery
 a - a +6 ring of dexterity (left hand)
 i - a +4 ring of protection (right hand)
 k - an amulet of reflection
 l - an amulet of faith (around neck)
Scrolls
 b - 2 scrolls of teleportation
 c - a scroll of identify
 m - a scroll of amnesia {unknown}
Potions
 d - a potion of ambrosia {unknown}
 f - a potion of might {unknown}
 g - 2 potions of curing
 h - a potion of cancellation {unknown}
 j - a potion of enlightenment {unknown}
 n - a potion of attraction {unknown}

Dungeon Overview and Level Annotations

Branches:
Dungeon (5/15)
 Temple: D:4-7

Altars:
Makhleb

Annotations:
D:4 1 runed translucent door, qw's ghost, amateur DEHu


Message History

You feel sick.
An iguana comes into view.
The gnoll bouda hits you with a +0 whip.
The gnoll bouda prays to its god.
The gnoll bouda is healed somewhat.
The iguana moves out of view.
You shoot an arrow. The arrow hits the orc!
You kill the orc!
You feel sick. The gnoll bouda misses you.
The adder bites you but does no damage.
You shoot an arrow. The arrow hits the gnoll bouda.
The gnoll bouda is severely wounded.
You feel sick.
You are no longer poisoned.
The adder bites you but does no damage.
The gnoll bouda hits you but does no damage.
The adder bites you but does no damage.
The gnoll bouda hits you but does no damage.
You shoot an arrow.
The arrow hits the gnoll bouda but does no damage.
The gnoll bouda is severely wounded.
Your attacks no longer feel as feeble.
The adder barely misses you. The gnoll bouda barely misses you.
The adder bites you.
You are poisoned.
The adder poisons you!
You shoot an arrow.
The arrow hits the gnoll bouda but does no damage.
The gnoll bouda is severely wounded.
You feel sick. The adder closely misses you.
The gnoll bouda hits you with a +0 whip.
The adder bites you but does no damage.
The gnoll bouda gazes fiercely through you!
You feel your attacks grow feeble. The gnoll bouda closely misses you.
The iguana closely misses you.
You shoot an arrow.
The arrow closely misses the gnoll bouda.
You feel sick. The adder bites you but does no damage. The iguana bites you.
The gnoll bouda hits you with a +0 whip.
The adder bites you.
You die...

........................#
.....................###
....................#
...................#
..................#
.................#
.............%...#
.........l.......#
.........S@......#
..#...#..g)......#
...###...........# ..
#...........#
#...........#
..#..........#
...............
...............


You could see a gnoll bouda, an iguana and an adder.

Vanquished Creatures
  A water moccasin (D:5)
  A black bear (D:4)
  An ogre (D:5)
  3 scorpions
  A hound (D:4)
  A gnoll (D:1)
  5 adders
  5 worms
  7 orcs
  11 endoplasms
  2 giant cockroaches
  9 goblins
  7 hobgoblins
  4 jackals
  3 quokkas
  10 ball pythons
  2 bats
  8 frilled lizards
  7 kobolds
  4 rats
92 creatures vanquished.

Notes
Turn   | Place    | Note
-------+----------+-------------------------------------------
     0 | D:1      | qw the Deep Elf Hunter began the quest for the Orb.
     0 | D:1      | Reached XP level 1. HP: 12/12 MP: 3/3
     0 | D:1      | 0 ||| qw: Version: 0.3-a-22-g0ed2b0b
     0 | D:1      | 0 ||| qw: Game counter: 6366
     0 | D:1      | 0 ||| qw: Melee chars always use a shield: true
     0 | D:1      | 0 ||| qw: God list: Okawaru
     0 | D:1      | 0 ||| qw: Allow faded altars: false
     0 | D:1      | 0 ||| qw: Do Orc after clearing Dungeon:15 true
     0 | D:1      | 0 ||| qw: Do second Lair branch before Depths: true
     0 | D:1      | 0 ||| qw: Lair rune preference: random
     0 | D:1      | 0 ||| qw: Goals: Normal
     0 | D:1      | 0 ||| PLANNING D:1-11
   135 | D:1      | Reached skill level 6 in Ranged Weapons
   135 | D:1      | Reached XP level 2. HP: 16/16 MP: 4/4
   210 | D:1      | Found a faded altar of an unknown god.
   286 | D:1      | Reached XP level 3. HP: 20/20 MP: 5/5
   756 | D:1      | 756 ||| UPGRADING to +0 ring mail.
   766 | D:1      | 766 ||| DROPPING +0 leather armour.
   767 | D:1      | 767 ||| READING scroll labelled VELLIS QUUXT.
   768 | D:1      | 768 ||| DRINKING 2 metallic white potions.
   769 | D:1      | 769 ||| DROPPING scroll of butterflies.
   960 | D:2      | Reached skill level 7 in Ranged Weapons
  1026 | D:2      | Reached XP level 4. HP: 25/25 MP: 6/6
  1354 | D:2      | 1354 ||| UPGRADING to +6 ring of dexterity.
  1355 | D:2      | 1355 ||| UPGRADING to +4 ring of protection.
  1356 | D:2      | 1356 ||| READING scroll labelled UPREAMMU JYROO.
  1357 | D:2      | 1357 ||| READING scroll labelled GECUN QEQAU.
  1360 | D:2      | 1360 ||| READING scroll labelled AGYRRE FYUXY.
  1380 | D:3      | 1380 ||| STAIRDANCE
  1560 | D:3      | Reached skill level 8 in Ranged Weapons
  1630 | D:3      | Identified the +7 hand axe of Brutal Revenge {heavy, *Slow
                  | rElec rF++ Int+2}
  1805 | D:3      | 1805 ||| UPGRADING to amulet of reflection.
  1810 | D:3      | 1810 ||| UPGRADING to amulet of faith.
  1820 | D:3      | 1820 ||| READING scroll labelled DEAB SAESIF.
  1831 | D:4      | Noticed a scorpion
  1831 | D:4      | Found a runed translucent door.
  1841 | D:4      | 1841 ||| STAIRDANCE
  1845 | D:3      | Killed a scorpion
  1846 | D:3      | Reached XP level 5. HP: 28/29 MP: 7/7
  2073 | D:4      | Noticed qw's ghost (amateur DEHu)
  2101 | D:4      | Reached skill level 9 in Ranged Weapons
  2101 | D:4      | Reached XP level 6. HP: 34/34 MP: 8/8
  2308 | D:4      | Found a burning altar of Makhleb.
  2820 | D:4      | 2820 ||| READING scroll labelled HIOWNE QETS.
  2821 | D:4      | 2821 ||| READING scroll labelled TELEYH JUIMI.
  2822 | D:4      | 2822 ||| READING 2 scrolls of identify.
  2822 | D:4      | 2822 ||| IDENTIFYING fuming emerald potion
  2823 | D:4      | 2823 ||| DROPPING potion of lignification.
  2833 | D:5      | Entered Level 5 of the Dungeon
  2851 | D:5      | HP: 7/36 [ogre/+0 giant spiked club (29)]
  2852 | D:5      | 2852 ||| READING 3 scrolls of teleportation.
  2855 | D:5      | Reached skill level 10 in Ranged Weapons
  2855 | D:5      | Reached XP level 7. HP: 9/40 MP: 9/9
  3001 | D:5      | HP: 9/40 [poisoned by an adder]
  3001 | D:5      | HP: 3/40 [iguana (6)]
  3001 | D:5      | HP: 1/40 [gnoll bouda/+0 whip (2)]
  3001 | D:5      | Slain by an adder

Levels and vault maps discovered:
D:1:      erik_arrival_cave_to_civilisation [erik_arrival_cave_to_hall],
          layout_basic, chequers_ecumenical_altar_island
D:2:      layout_rooms, grunt_ministairs_9
D:3:      layout_rooms
D:4:      layout_cave_pods, nicolae_overflow_crystal_walls,
          hellmonk_ghost_happy_afterlife, kennysheep_cross_room, st_stairs_13,
          hangedman_abyss_or_decor_stabs, minmay_surrounded
D:5:      layout_basic, temple_hall, gammafunk_ghost_smash,
          minmay_fractal_squares_diagonal_5

Skill      XL: |  1  2  3  4  5  6 |
---------------+-------------------+-----
Ranged Weapons | 6 7 8 9 10 | 10.5
Dodging        | 4 |  4.0
Fighting       | 2 |  2.6
Stealth        | |  1.2

Action                     |  1- 3 |  4- 6 |  7- 9 || total
---------------------------+-------+-------+-------++-------
   Fire: Shortbow          |   103 |   175 |    14 ||   292
    Use: Scroll            |     1 |     8 |       ||     9
         Potion            |     1 |       |       ||     1
 Armour: Leather armour    |     3 |       |       ||     3
         Ring mail         |     4 |    20 |     8 ||    32
  Dodge: Dodged            |    17 |    25 |     9 ||    51

Table legend:
 A = Non-vault XP
 B = Vault XP
 C = Vault XP percentage of total XP
 D = Non-vault monster count
 E = Vault monster count
 F = Vault count percentage of total count
                 A         B        C        D         E       F
            +---------+---------+-------+---------+---------+-------
      Total |     628 |     300 |  32.3 |      82 |      10 |  10.9
            +---------+---------+-------+---------+---------+-------
        D:1 |      41 |       2 |   4.7 |      16 |       2 |  11.1
        D:2 |      84 |       3 |   3.4 |      27 |       2 |   6.9
        D:3 |     133 |       0 |   0.0 |      21 |       0 |   0.0
        D:4 |     247 |     141 |  36.3 |      16 |       4 |  20.0
        D:5 |     123 |     154 |  55.6 |       2 |       2 |  50.0
            +---------+---------+-------+---------+---------+-------
